Map: Bridgehead LE (Void)

Players

마사 (MaSa) - Winner!

  • Race: Terran Terran
  • League: Platinum

Nerchio

  • Race: Zerg Zerg
  • League: Diamond

Event: ASL Season 5 Prime League LOTV Beta

VOD

Have the link to the VOD?

Description

Time

  • Played on: Sept. 9, 2015, 8:57 p.m.
  • Length: 9:32

All games in this series

Show
View Real Time Build Order
Export as new Build Order

마사 Terran - Winner!

Build Orders: Command Center First (CC), Liberator Opening, MMM Bio 

Get SALT Encoding   

  12  0:00  SCV  
  13  0:13  SCV  
  14  0:17  Supply Depot  
  14  0:25  SCV  
  15  0:39  SCV  
  16  0:51  SCV  
  17  1:00  Command Center  
  17  1:03  SCV  
  18  1:12  Barracks  
  18  1:17  Refinery  
  18  1:20  SCV  
  19  1:33  SCV  
  20  1:45  SCV  
  21  1:59  Orbital Command, Marine  
  22  2:12  Orbital Command  
  22  2:13  Refinery  
  22  2:17  Marine  
  22  2:21  Factory  
  23  2:25  SCV  
  24  2:37  SCV  
  24  2:39  SCV  
  24  2:40  Barracks Reactor  
  24  2:44  Supply Depot  
  26  2:49  SCV  
  27  2:55  SCV  
  28  3:01  SCV  
  28  3:05  Starport  
  29  3:07  SCV  
  30  3:13  SCV  
  30  3:15  Refinery  
  33  3:20  Hellion x2  
  33  3:21  SCV  
  33  3:22  Barracks Tech Lab  
  33  3:25  Liberator  
  33  3:26  SCV  
  37  3:33  SCV  
  38  3:38  SCV  
  38  3:40  Supply Depot  
  41  3:41  Hellion x2  
  41  3:45  Armory  
  46  3:57  Stimpack  
  46  4:01  SCV x2, Marine  
  51  4:03  Hellion x2  
  53  4:11  Liberator  
  53  4:13  SCV x2  
  53  4:14  Supply Depot  
  55  4:22  Barracks x2  
  49  4:25  SCV  
  49  4:26  Hellion x2  
  57  4:31  SCV  
  57  4:37  SCV, Marine  
  57  4:38  Supply Depot  
  60  4:45  SCV  
  61  4:50  SCV  
  62  4:58  SCV  
  63  5:02  Marine  
  63  5:03  Command Center, Hellion x2  
  63  5:05  SCV  
  69  5:10  Barracks Reactor  
  69  5:11  Barracks Reactor, Viking  
  71  5:20  SCV  
  72  5:22  Supply Depot  
  72  5:23  Engineering Bay x2  
  72  5:28  SCV  
  72  5:32  SCV  
  74  5:40  SCV  
  75  5:46  SCV  
  76  5:50  Factory Reactor, Marine x2  
  76  5:51  Factory Tech Lab, Marine x2  
  76  5:53  SCV  
  76  5:55  Barracks  
  76  5:56  Barracks  
  81  5:59  SCV, Marauder  
  81  6:03  Terran Infantry Weapons Level 1, Terran Infantry Armor Level 1  
  84  6:04  Supply Depot  
  84  6:05  SCV  
  84  6:06  Supply Depot  
  81  6:13  Siege Tank, Marine x2  
  81  6:14  Medivac x2, Marine  
  81  6:16  SCV  
  90  6:25  Marine  
  90  6:26  Marauder  
  90  6:31  Marine  
  93  6:36  Marine x2  
  93  6:37  SCV  
  94  6:40  SCV  
  94  6:43  Marine  
  94  6:47  Marauder, Siege Tank, Orbital Command  
  91  6:49  SCV  
  91  6:53  SCV, Barracks Tech Lab  
  98  6:54  Barracks Reactor  
  98  6:58  Refinery  
  98  7:01  SCV, Marine  
  98  7:02  Marine x3  
  98  7:03  Supply Depot, Medivac  
  98  7:05  SCV, Medivac  
  108  7:13  SCV  
  109  7:15  Marine  
  109  7:16  Marauder  
  109  7:17  SCV  
  109  7:19  Siege Tank  
  109  7:21  SCV  
  117  7:23  Combat Shields  
  117  7:25  Supply Depot  
  117  7:27  Refinery  
  117  7:28  Refinery  
  117  7:32  Marine x4  
  117  7:33  Marine  
  117  7:34  Concussive Shells  
  122  7:44  Marine  
  122  7:45  Marine  
  122  7:46  Marauder  
  122  7:49  SCV  
  124  7:58  Siege Tank, Medivac  
  124  7:59  Marine x5  
  131  8:10  Barracks  
  131  8:11  SCV  
  131  8:12  Barracks  
  132  8:19  Marauder, Marine x2  
  136  8:21  Command Center  
  136  8:26  Marauder, Marine x3  
  141  8:29  Marine  
  130  8:37  Marine x2  
  130  8:39  Medivac x2  
  130  8:40  Marine  
  116  8:44  Marine x2  
  116  8:47  Marine x3  
  119  8:55  Marine x2  
  110  8:59  Marauder  
  110  9:02  Marine x2  
  103  9:04  Marine x2  
  103  9:07  Marauder  
  107  9:12  Barracks Tech Lab, Marine x2  
  107  9:13  Marine  
Show
View Real Time Build Order
Export as new Build Order

Nerchio Zerg 

Build Orders: Hatch First 

Get SALT Encoding   

  12  0:01  Drone  
  13  0:13  Overlord  
  13  0:18  Drone  
  14  0:31  Drone x2  
  16  0:35  Drone  
  17  0:46  Drone  
  18  0:58  Hatchery  
  18  1:01  Drone  
  18  1:04  Extractor  
  17  1:13  Spawning Pool  
  17  1:17  Drone  
  17  1:20  Drone  
  18  1:30  Drone  
  19  1:42  Overlord  
  19  2:00  Queen  
  21  2:02  Drone, Zergling x2  
  21  2:06  Metabolic Boost  
  23  2:11  Queen  
  23  2:12  Drone x2  
  27  2:21  Drone  
  28  2:24  Drone  
  29  2:36  Hatchery  
  28  2:38  Drone  
  28  2:39  Drone  
  30  2:44  Drone  
  30  2:45  Drone  
  30  2:51  Queen  
  34  2:55  Overlord  
  34  2:59  Drone  
  34  3:04  Drone  
  36  3:09  Overlord  
  36  3:14  Overlord  
  36  3:17  Drone x3  
  36  3:19  Drone  
  40  3:21  Drone  
  41  3:28  Roach Warren  
  41  3:31  Zergling x4  
  41  3:34  Zergling x2  
  43  3:35  Drone  
  43  3:38  Extractor  
  43  3:39  Drone  
  44  3:46  Drone  
  46  3:48  Drone  
  46  3:49  Drone  
  46  3:50  Drone x2  
  46  3:51  Drone  
  50  3:57  Drone  
  50  3:59  Drone x4  
  50  4:02  Overlord  
  55  4:12  Overlord, Extractor  
  55  4:15  Roach x2  
  58  4:19  Roach  
  58  4:23  Roach  
  58  4:24  Drone x5  
  64  4:26  Drone  
  64  4:27  Drone  
  69  4:33  Lair  
  69  4:35  Ravager  
  71  4:38  Ravager  
  67  4:45  Spore Crawler  
  66  4:53  Queen  
  66  4:55  Drone x10  
  66  4:58  Overlord  
  76  5:02  Overlord  
  76  5:04  Extractor  
  75  5:11  Spore Crawler  
  75  5:12  Roach x4  
  82  5:19  Roach  
  82  5:20  Evolution Chamber  
  82  5:21  Roach x2  
  83  5:24  Evolution Chamber  
  83  5:27  Ravager  
  84  5:36  Drone x8  
  90  5:44  Drone  
  90  5:45  Drone x4  
  95  5:56  Zergling x2  
  95  5:57  Zergling x4  
  98  6:01  Overlord x2  
  98  6:03  Zerg Ground Armor Level 1, Zerg Melee Weapons Level 1  
  98  6:14  Overlord x2  
  98  6:17  Extractor  
  98  6:18  Extractor  
  96  6:23  Overlord  
  96  6:24  Overlord  
  96  6:31  Zergling x4  
  98  6:40  Drone x7  
  98  6:41  Drone x6, Glial Reconstitution  
  98  6:45  Infestation Pit  
  107  6:48  Drone  
  107  6:49  Drone x3  
  111  7:01  Roach x3  
  111  7:05  Roach x3  
  111  7:06  Roach x2  
  111  7:07  Hatchery  
  111  7:08  Roach x2  
  130  7:09  Overlord  
  130  7:14  Overlord  
  129  7:18  Overlord  
  129  7:24  Pneumatized Carapace  
  129  7:26  Hive  
  129  7:40  Roach  
  129  7:41  Roach x12  
  125  7:52  Zergling x10  
  126  8:03  Zergling x6  
  129  8:07  Zergling x8  
  129  8:11  Zergling x4  
  129  8:12  Zergling x4  
  137  8:16  Zergling x2  
  138  8:20  Zergling x4  
  138  8:33  Zergling x4  
  138  8:34  Zergling x10  
  130  8:37  Zergling x4  
  130  8:40  Zergling x2  
  125  8:43  Zergling x2  
  125  8:44  Zergling x6  
  121  8:48  Zergling x4  
  121  8:52  Zergling x4  
  114  8:59  Zergling x4  
  114  9:02  Zergling x4  
  102  9:09  Zergling x2  
  99  9:11  Ravager  
  99  9:12  Ravager  
  99  9:18  Drone x3  
Tags
 
Add a new tag
Caveats
  • Supply blocks, unpowered buildings, or Contaminate may cause inaccurate times.
  • Supply counts are checked every 10 seconds.